 Dungeon Crawl Stone Soup version 0.27-a0-1308-gc08437e49b (webtiles) character file.

Game seed: 3166645805505465766

3423 mordus the Carver (level 10, -4/68 (70) HPs)
             Began as a Formicid Abyssal Knight on June 18, 2021.
             Was a Priest of Lugonu.
             Slain by a vampire mosquito (5 damage)
             ... on level 7 of the Dungeon.
             The game lasted 00:19:44 (11299 turns).

mordus the Carver (Formicid Abyssal Knight)        Turns: 11299, Time: 00:19:45

HP:   -4/68 (70)    AC: 11    Str: 27    XL:     10   Next: 25%
MP:   14/16         EV: 10    Int: 11    God:    Lugonu [***...]
Gold: 381           SH:  0    Dex: 10    Spells: 9/9 levels left

rFire    . . .     SeeInvis +   a - +1 falchion
rCold    . . .     Faith    .   (no shield)
rNeg     . . .     Spirit   .   i - +0 scale mail
rPois    .         Reflect  .   (helmet unavailable)
rElec    .         Harm     .   (no cloak)
rCorr    .         Rampage  .   (no gloves)
Will     ++...                  G - +2 pair of boots {Fly}
Stlth    ..........             (no amulet)
HPRegen  0.21/turn              r - +6 ring of strength
MPRegen  0.15/turn              j - ring of willpower

@: flying, studying Long Blades, lightly drained
A: permanent stasis, dig shafts and tunnels, antennae 3, four strong arms
a: Dig, Shaft Self, Renounce Religion, Depart the Abyss, Bend Space, Banish


You were on level 7 of the Dungeon.
You worshipped Lugonu.
Lugonu was most pleased with you.
You visited 1 branch of the dungeon, and saw 7 of its levels.
You visited the Abyss 1 time.

You collected 381 gold pieces.

Inventory:

Hand Weapons
 a - a +1 falchion (weapon)
Missiles
 m - 34 poisoned darts
Armour
 i - a +0 scale mail (worn)
 s - a +0 chain mail
 G - a +2 pair of boots of flying (worn)
Jewellery
 b - a +4 ring of evasion
 f - a +4 ring of evasion
 j - a ring of willpower (right hand)
 r - a +6 ring of strength (left hand)
 u - a ring of protection from fire
 z - a +6 ring of dexterity
Wands
 t - a wand of digging (5)
 D - a wand of charming (6)
 H - a wand of mindburst (11)
Scrolls
 c - a scroll of identify
 g - a scroll of enchant armour
 x - 3 scrolls of vulnerability
Potions
 n - a potion of ambrosia
 o - 2 potions of might
 q - 3 potions of curing
 v - a potion of mutation
 w - 2 potions of cancellation
 A - 2 potions of heal wounds
 B - a potion of magic


   Skills:
 - Level 3.2 Fighting
 * Level 11.6 Long Blades
 + Level 7.9 Armour
 - Level 0.8 Dodging
 + Level 8.6 Invocations


You had 9 spell levels left.
You didn't know any spells.
Your spell library contained the following spells:

 Spells                   Type           Power      Damage    Failure   Level
 Corona                   Hex            0%         N/A       56%         1
 Magic Dart               Conj           0%         1d3       56%         1
 Sandblast                Erth           0%         2d4       56%         1
 Call Imp                 Summ           0%         N/A       71%         2
 Ensorcelled Hibernation  Hex/Ice        0%         N/A       71%         2
 Passwall                 Tmut/Erth      0%         N/A       71%         2
 Slow                     Hex            0%         N/A       71%         2
 Confusing Touch          Hex            0%         N/A       91%         3
 Conjure Flame            Conj/Fire      0%         6-21      91%         3
 Dazzling Flash           Conj/Hex       0%         N/A       91%         3
 Mephitic Cloud           Conj/Pois/Air  0%         N/A       91%         3
 Stone Arrow              Conj/Erth      0%         3d7       91%         3
 Tukima's Dance           Hex            0%         N/A       91%         3
 Petrify                  Tmut/Erth      0%         N/A       100%        4
 Lee's Rapid Deconstruct  Erth           0%         3d5*      100%        5
 Blink                    Tloc           Unusable   N/A       N/A         2

Dungeon Overview and Level Annotations

Branches:
Dungeon (7/15)             Temple (0/1) D:7

Altars:

Shops:
D:4 :   D:5 :*

Annotations:
Abyss:1 Ijyb


Innate Abilities, Weirdness & Mutations

You cannot be hasted, slowed, berserked, paralysed or teleported.
You can dig through walls and to a lower floor.
You have a pair of large antennae on your head. (SInv)
Your four strong arms can wield two-handed weapons with a shield.


Message History

The vampire mosquito is heavily damaged.
The vampire mosquito bites you but does no damage.
The vampire mosquito bites you but does no damage.
The vampire mosquito bites you but does no damage.
The vampire mosquito bites you.
The vampire mosquito draws strength from your injuries!
The vampire mosquito bites you but does no damage.
The vampire mosquito barely misses you. The vampire mosquito bites you!
* * * LOW HITPOINT WARNING * * *
The vampire mosquito draws strength from your injuries!
The vampire mosquito bites you but does no damage.
Space bends sharply around you!
The vampire mosquito blinks!
You blink.
The vampire mosquito bites you but does no damage.
The vampire mosquito bites you.
* * * LOW HITPOINT WARNING * * *
The vampire mosquito draws strength from your injuries!
The vampire mosquito bites you.
* * * LOW HITPOINT WARNING * * *
The vampire mosquito draws strength from your injuries!
Space bends sharply around you!
The vampire mosquito blinks! x2; You blink.
The vampire mosquito bites you.
* * * LOW HITPOINT WARNING * * *
The vampire mosquito draws strength from your injuries!
The vampire mosquito bites you but does no damage. x2
Unknown command.
You don't have enough health at the moment.
You feel much better. The vampire mosquito bites you.
* * * LOW HITPOINT WARNING * * *
The vampire mosquito draws strength from your injuries!
The vampire mosquito barely misses you.
You riposte.
You closely miss the vampire mosquito. The vampire mosquito bites you.
* * * LOW HITPOINT WARNING * * *
The vampire mosquito draws strength from your injuries!
The vampire mosquito bites you.
* * * LOW HITPOINT WARNING * * *
The vampire mosquito draws strength from your injuries!
The vampire mosquito closely misses you.
You riposte.
You miss the vampire mosquito. The vampire mosquito bites you.
You die...

***,*** #.#*** #....##.#,*
,,,,,,* #.# #.####*.#,* ***,*,*
#.# #.# *,*,* *,*,* #§# #.#
*,*,** *,#,* #.# #.#####...,,
*,#.* #.# #.........*,
*,#.#######.########..#######*,
***,#..........yy..!....# *,
,,,,###.#####§yy@......## *,
#######.# #.#####.#########***,
...y..yy# #.####.#.........,,,,
######### #.....###.#######****
######.#.## ##.## ###


You could see 4 vampire mosquitoes.

Vanquished Creatures
  A shadow (D:5)
  A steam dragon (D:6)
  Duvessa (D:7)
  A water moccasin (D:5)
  A sky beast (D:6)
  An ice beast (D:5)
  2 black bears (D:6)
  A necrophage (D:4)
  2 ogres
  2 bullfrogs (D:6)
  3 scorpions
  Dowan (D:7)
  A water moccasin zombie (D:5)
  A water moccasin skeleton (D:5)
  5 wights (D:7)
  A howler monkey (D:6)
  A bullfrog zombie (D:5)
  A bullfrog skeleton (D:5)
  3 hounds
  2 jellies
  4 orc priests
  A centaur skeleton (D:5)
  4 iguanas
  3 orc wizards
  2 hound zombies (D:5)
  A gnoll (D:5)
  9 adders
  A howler monkey skeleton (D:4)
  4 shadow imps
  3 ufetubi
  2 worms
  4 dart slugs
  11 orcs
  7 endoplasms
  2 giant cockroaches
  4 goblins
  8 hobgoblins
  9 jackals
  6 kobolds
  3 quokkas
  8 ball pythons
  8 bats
  2 frilled lizards (D:1)
  4 rats
142 creatures vanquished.

Vanquished Creatures (others)
  6 plants (D:4)
6 creatures vanquished.

Grand Total: 148 creatures vanquished

Notes
Turn   | Place    | Note
-------+----------+-------------------------------------------
     0 | Abyss:1  | mordus the Formicid Abyssal Knight began the quest for the
                  | Orb.
     0 | Abyss:1  | Reached XP level 1. HP: 18/18 MP: 2/2
    16 | D:1      | Escaped the Abyss
   214 | D:1      | Noticed a troll
   220 | D:1      | Reached XP level 2. HP: 19/24 MP: 3/3
   373 | D:1      | Found a faded altar of an unknown god.
   579 | D:1      | Reached XP level 3. HP: 29/29 MP: 4/4
  1843 | D:2      | Reached skill level 3 in Long Blades
  2281 | D:2      | Reached XP level 4. HP: 35/35 MP: 6/6
  2570 | D:2      | Noticed a scorpion
  2584 | D:2      | Killed a scorpion
  2585 | D:2      | Reached XP level 5. HP: 5/41 MP: 7/7
  2586 | D:2      | Reached skill level 4 in Long Blades
  2588 | D:2      | HP: 2/41 [poisoned by a scorpion]
  3245 | D:3      | Reached ** piety under Lugonu
  3831 | D:3      | Reached XP level 6. HP: 47/47 MP: 8/8
  3836 | D:3      | Noticed an ice beast
  4364 | D:4      | Noticed a necrophage
  4372 | D:4      | Killed a necrophage
  4533 | D:4      | Reached skill level 5 in Long Blades
  4533 | D:4      | Reached XP level 7. HP: 47/52 MP: 10/10
  5246 | D:4      | Found Axolene's Self-Improvement Boutique.
  5686 | D:4      | Reached *** piety under Lugonu
  5866 | D:5      | Entered Level 5 of the Dungeon
  5872 | D:5      | Identified the +0 robe "Kuedgh" {Will++ Dex+3 Slay+3}
  5961 | D:5      | Noticed a water moccasin
  5973 | D:5      | Killed a water moccasin
  5974 | D:5      | Reached skill level 5 in Invocations
  6400 | D:5      | Reached skill level 6 in Long Blades
  6536 | D:5      | Reached skill level 5 in Armour
  6536 | D:5      | Reached XP level 8. HP: 45/58 MP: 11/11
  6542 | D:5      | HP: 2/58 [ogre (11)]
  7100 | D:5      | Noticed a hornet
  7100 | D:5      | Noticed a shadow
  7131 | D:5      | Killed a shadow
  7132 | D:5      | Reached skill level 7 in Long Blades
  7132 | D:5      | Banished a hornet
  7425 | D:5      | Noticed Ijyb
  7450 | D:5      | Reached XP level 9. HP: 17/64 MP: 13/13
  7451 | D:5      | Banished Ijyb
  7988 | D:5      | Found Fialaopp's Book Shoppe.
  8042 | D:5      | Found Urats's General Store.
  8335 | D:6      | Reached skill level 8 in Long Blades
  9177 | D:6      | Noticed a two-headed ogre
  9184 | D:6      | Banished a two-headed ogre
  9185 | D:6      | Reached skill level 10 in Long Blades
  9381 | D:6      | Reached XP level 10. HP: 53/70 MP: 16/16
 10114 | D:7      | Reached skill level 11 in Long Blades
 10697 | D:7      | Found a staircase to the Ecumenical Temple.
 10700 | D:7      | Noticed Dowan
 10728 | D:7      | Killed Dowan
 10814 | D:7      | Noticed Duvessa
 10866 | D:7      | Killed Duvessa
 11298 | D:7      | HP: 1/68 [vampire mosquito (5)]
 11299 | D:7      | Slain by a vampire mosquito

Illustrated notes

Levels and vault maps discovered:
D:1:      erik_arrival_cave_to_civilisation [erik_arrival_cave_to_temple],
          layout_loops_ring, chequers_ecumenical_altar_simple_redux
D:2:      layout_basic, grunt_decor_fettered, patterned_corridor
D:3:      layout_basic, minmay_circle_x
D:4:      layout_gridville, serial_bayou, serial_bayou_shore_b,
          serial_bayou_pond_e, serial_bayou_shore_a, serial_bayou_shore_b,
          nicolae_shop_self_help
D:5:      layout_gridville, serial_shops, kennysheep_mini, shop,
          minmay_divided_ellipse, uniq_ijyb
D:6:      black_bear_nest_2, layout_basic, minmay_crystal_room, moated_statue,
          st_stairs_4, minivault_22, kennysheep_generic_room_13
D:7:      layout_loops_ring, minmay_temple_entry_sparse_star, uniq_menkaure,
          uniq_duvessa, uniq_pikel

Skill      XL: |  1  2  3  4  5  6  7  8  9 10 |
---------------+-------------------------------+-----
Long Blades    | 3 4 5 6 7 10 11 | 11.6
Invocations    | 3 4 5 6 8 |  8.6
Armour         | 3 4 5 6 7 |  7.9
Fighting       | |  3.2
Dodging        | |  0.8

Action                   |  1- 3 |  4- 6 |  7- 9 | 10-12 || total
-------------------------+-------+-------+-------+-------++-------
Melee: Falchion          |    92 |   120 |   296 |   156 ||   664
Invok: Bend Space        |       |       |     1 |     6 ||     7
       Banish            |       |       |     5 |       ||     5
 Abil: Dig               |     1 |       |     1 |       ||     2
  Use: Potion            |       |     2 |       |     1 ||     3
       Scroll            |       |       |       |    17 ||    17
Armor: Leather armour    |    35 |    11 |       |       ||    46
       Scale mail        |       |    19 |   124 |    55 ||   198
Dodge: Dodged            |    79 |   105 |   156 |    59 ||   399
       Rpst.: Falchion   |    24 |    27 |    45 |    19 ||   115

Table legend: (Time is in decaauts)
 A = Elapsed time spent in this place.
 B = Non-inter-level travel time spent in this place.
 C = Inter-level travel time spent in this place.
 D = Time resting spent in this place.
 E = Time spent auto-exploring this place.
 F = Levels seen in this place.
 G = Mean time per level.
                   A        B        C        D        E       F      G
               +--------+--------+--------+--------+--------+-----+--------+
         Total |  11286 |  11074 |    212 |   3112 |   6184 |   8 | 1410.8 |
       Dungeon |  11270 |  11058 |    212 |   3112 |   6173 |   7 | 1610.0 |
         Abyss |     16 |     16 |      0 |      0 |     11 |   1 |   16.0 |
               +--------+--------+--------+--------+--------+-----+--------+

Top non-repeatable levels by time:
     D:5: 2445 daAuts
     D:6: 1917 daAuts
     D:1: 1712 daAuts
     D:2: 1573 daAuts
     D:4: 1553 daAuts
     D:3: 1051 daAuts
     D:7: 1016 daAuts
 Abyss:1: 16 daAuts
